 Dungeon Sprint DCSS version 0.30-a0-802-gb92711bcdf (webtiles) character file.

Game seed: 11379520310177262365

1300000 BigDaddyOpFi the Spry (level 16, 0/134 HPs)
             Began as a Djinni Warper on Feb 23, 2023.
             Was an Initiate of Makhleb.
             Slain by a meat berserker
             ... wielding a +9 battleaxe
              (72 damage)
             ... in the Dungeon (Sprint VIII: "Arena of Blood").
             The game lasted 00:00:22 (13 turns).

BigDaddyOpFi the Spry (Djinni Warper)                 Turns: 13, Time: 00:00:23

Health: 0/134      AC:  5    Str: 10    XL:     16   Next: 19%
Gold:   0          EV: 27    Int: 15    God:    Makhleb [......] SH:  0 Dex: 21

rFire   + + .      SeeInvis .    h - +∞ Axe of Woe
rCold   x . .      Faith    .    (shield currently unavailable)
rNeg    . . .      Spirit   .    a - +0 leather armour
rPois   ∞          Reflect  .    (no helmet)
rElec   .          Harm     .    (no cloak)
rCorr   .          Rampage  .    (no gloves)
Will    +....      NoTele   +    (boots unavailable)
Stlth   ++                       (no amulet)
HPRegen 0.42/turn                (no ring)
MPRegen 0.00/turn                (no ring)

@: flying
A: sickness immunity, fire resistance 2, cold vulnerability 1, float, innate
caster, HP casting, extra vitality 1
a: Renounce Religion


You were in the Dungeon.
You worshipped Makhleb.
Makhleb was noncommittal.
You visited 1 branch

Inventory:

Hand Weapons
 h - the +∞ Axe of Woe (weapon)
   (You found it in the Dungeon)
Missiles
 c - 7 boomerangs of dispersal (quivered)
Armour
 a - a +0 leather armour (worn)
Scrolls
 b - 2 scrolls of blinking
Potions
 d - a potion of curing
 e - a potion of heal wounds
 f - a potion of haste
 g - a potion of berserk rage


   Skills:
 + Level 18.9 Fighting
 + Level 16.2 Throwing
 + Level 19.0 Armour
 + Level 20.7 Dodging
 + Level 19.1 Unarmed Combat
 + Level 15.1 Spellcasting


You knew the following spells:

 Your Spells              Type           Power      Damage    Failure   Level
a - Blink                 Tloc           100%       N/A       1%          2
b - Lesser Beckoning      Tloc           100%       N/A       1%          2
c - Vhi's Electric Charg  Tloc/Air       100%       N/A       1%          3
d - Teleport Other        Tloc           54%        N/A       1%          3
e - Manifold Assault      Tloc           54%        N/A       1%          4
f - Summon Small Mammal   Summ           100%       N/A       0%          1
g - Static Discharge      Conj/Air       100%       2-7/arc   1%          2
h - Stone Arrow           Conj/Erth      100%       3d13      1%          3
i - Ignite Poison         Fire/Tmut/Pois 54%        N/A       1%          3
j - Arcjolt               Conj/Air       27%        1d37      1%          5
k - Lee's Rapid Deconstr  Erth           27%        3d14*     1%          5
l - Conjure Ball Lightni  Conj/Air       27%        3x3d8     1%          6
Your spell library was empty.

Dungeon Overview and Level Annotations

Branches:
Dungeon (1/1)

Altars:
Makhleb


Innate Abilities, Weirdness & Mutations

You are immune to sickness and miasma.
You are immune to poison.
Your flesh is very heat resistant. (rF++)
You are vulnerable to cold. (rC-)
You float through the air rather than walking.
You learn spells naturally, not from books.
Your magical power is your life essence.
You have superior vitality. (+4 MHP)


Message History

Press < or > to pray at altars.
You slash the meat berserker!
You slaughter the meat berserker joyfully.
You kill the meat berserker!
You hear a shout! x7
The bag of meat hits you with a +9 war axe!!
You hear a shout! x3
Your Fighting skill increases to level 18!
Your Armour skill increases to level 18!
Your Dodging skill increases to level 20!
Your Unarmed Combat skill increases to level 18!
Unknown command.
Press < or > to pray at altars.
You slice the bag of meat!!
You butcher the bag of meat messily.
You kill the bag of meat!
The meat berserker appears out of thin air!
A meat berserker comes into view. It is wielding a +9 battleaxe.
The meat berserker shouts!
You hear a shout! x10
A bag of meat comes into view. It is wielding a +9 war axe.
You hear a shout! x6
A bag of meat comes into view. It is wielding a +9 war axe.
You hear a shout! x4
Your Throwing skill increases to level 16!
Your Armour skill increases to level 19!
Your Unarmed Combat skill increases to level 19!
Your Spellcasting skill increases to level 15!
You have reached level 16!
You feel agile.
You hover solemnly before the altar of Makhleb.
Makhleb welcomes you!
The bag of meat shouts!
You hear a shout! x5
A bag of meat comes into view. It is wielding a +9 war axe.
You hear a shout! x4
You slash the bag of meat!
You slaughter the bag of meat joyfully.
You kill the bag of meat!
Makhleb accepts your kill.
You hear a shout! x8
The meat berserker hits you with a +9 battleaxe!!!!
Ouch! That really hurt!
You die...

.. ..... #.
...# #.. ...# .
.###.. ...###.o
......###......
......_.o...
#....)# #_.<)@#
#....O#
......_.o...
.o....###....o.
.###.. ...###..
#.. ...# . #.
..o# .. .....


You could see a meat berserker (berserk) and 3 bags of meat.

Vanquished Creatures
  3 ogres (D)
  7 orcs (D)
10 creatures vanquished.

Notes
Turn   | Place    | Note
-------+----------+-------------------------------------------
     0 | D        | Found the +∞ Axe of Woe
     0 | D        | BigDaddyOpFi the Djinni Warper began the quest for the Orb.
     0 | D        | BigDaddyOpFi set off with the following spells memorised:
                  | Blink, Lesser Beckoning, Vhi's Electric Charge, Teleport
                  | Other, Manifold Assault.
     0 | D        | Reached XP level 1. HP: 18/18 MP: 0/0
     1 | D        | Noticed a meat berserker
     1 | D        | Noticed a meat berserker
     2 | D        | Noticed a bag of meat
     2 | D        | Noticed a bag of meat
     3 | D        | Noticed a bag of meat
     4 | D        | Killed a meat berserker
     4 | D        | Noticed a bag of meat
     4 | D        | Noticed a bag of meat
     4 | D        | Noticed a bag of meat
     4 | D        | Noticed a bag of meat
     5 | D        | Reached skill level 10 in Throwing
     5 | D        | Reached skill level 13 in Dodging
     5 | D        | Reached skill level 10 in Spellcasting
     5 | D        | Reached XP level 2. HP: 39/39 MP: 0/0
     5 | D        | Reached XP level 3. HP: 44/44 MP: 0/0
     5 | D        | Learned a level 1 spell: Summon Small Mammal
     5 | D        | Reached XP level 4. HP: 50/50 MP: 0/0
     5 | D        | Reached XP level 5. HP: 56/56 MP: 0/0
     5 | D        | Learned a level 2 spell: Static Discharge
     5 | D        | Reached XP level 6. HP: 62/62 MP: 0/0
     5 | D        | Reached XP level 7. HP: 67/67 MP: 0/0
     5 | D        | Learned a level 3 spell: Stone Arrow
     5 | D        | Reached XP level 8. HP: 74/74 MP: 0/0
     5 | D        | Reached XP level 9. HP: 78/78 MP: 0/0
     5 | D        | Learned a level 3 spell: Ignite Poison
     5 | D        | Reached XP level 10. HP: 85/85 MP: 0/0
     5 | D        | Reached XP level 11. HP: 90/90 MP: 0/0
     5 | D        | Learned a level 5 spell: Arcjolt
     5 | D        | Reached XP level 12. HP: 96/96 MP: 0/0
     6 | D        | Killed a meat berserker
     7 | D        | Reached skill level 16 in Dodging
     7 | D        | Reached XP level 13. HP: 106/106 MP: 0/0
     7 | D        | Learned a level 5 spell: Lee's Rapid Deconstruction
     7 | D        | Killed a bag of meat
     7 | D        | Killed a bag of meat
     7 | D        | Noticed a bag of meat
     8 | D        | Reached skill level 15 in Fighting
     8 | D        | Reached skill level 17 in Dodging
     8 | D        | Reached XP level 14. HP: 110/115 MP: 0/0
     8 | D        | Killed a bag of meat
     8 | D        | Killed a bag of meat
     8 | D        | Noticed a meat berserker
     9 | D        | Reached skill level 18 in Dodging
     9 | D        | Reached XP level 15. HP: 114/124 MP: 0/0
     9 | D        | Learned a level 6 spell: Conjure Ball Lightning
    10 | D        | Reached skill level 15 in Throwing
    10 | D        | Reached skill level 19 in Dodging
    10 | D        | Killed a meat berserker
    11 | D        | Reached skill level 20 in Dodging
    11 | D        | Noticed a meat berserker
    12 | D        | Reached skill level 15 in Spellcasting
    12 | D        | Reached XP level 16. HP: 71/134 MP: 0/0
    12 | D        | Became a worshipper of Makhleb the Destroyer
    13 | D        | Slain by a meat berserker

Illustrated notes

Levels and vault maps discovered:
D:        meatsprint

Skill      XL: |  1  2  3  4  5  6  7  8  9 10 11 12 13 14 15 |
---------------+----------------------------------------------+-----
Fighting       | 12 14 15 17 18 | 18.9
Throwing       | 10 12 13 14 16 | 16.2
Armour         | 12 14 16 17 19 | 19.0
Dodging        | 13 16 17 18 20 | 20.7
Unarmed Combat | 12 14 16 17 19 | 19.1
Spellcasting   | 10 11 12 13 15 | 15.1

Action                     |  1- 3 |  4- 6 |  7- 9 | 10-12 | 13-15 | 16-18 || total
---------------------------+-------+-------+-------+-------+-------+-------++-------
  Melee: Executioner's axe |     1 |       |       |     1 |     5 |     1 ||     8

Table legend: (Time is in decaauts)
 A = Elapsed time spent in this place.
 B = Non-inter-level travel time spent in this place.
 C = Inter-level travel time spent in this place.
 D = Time resting spent in this place.
 E = Time spent auto-exploring this place.
 F = Levels seen in this place.
 G = Mean time per level.
                   A        B        C        D        E       F      G
               +--------+--------+--------+--------+--------+-----+--------+
         Total |     18 |     18 |      0 |      0 |      0 |   1 |   18.0 |
       Dungeon |     18 |     18 |      0 |      0 |      0 |   1 |   18.0 |
               +--------+--------+--------+--------+--------+-----+--------+

Top non-repeatable levels by time:
       D: 18 daAuts
